Zazza, neutral female human Tourist --------- ############........| # # |.......| +## ### ####........| # ------ # # % |.......| ### |.....## ######........| # |....| # # #-----.--- ### |.....## #### # # # ---|-- # # # # # ### # ### #### # # # #### ###--------# # ###-.-|--- ###|......-# # #...@d..#####`##-......|######## |....`| # |.<....|# -|-+-- |).....####### ----.---# |....| ------- ##### |....| |....| ------ Zazza the Sightseer Experience level: 4 Strength: 11 Dexterity: 8 Constitution: 16 Intelligence: 13 Wisdom: 12 Charisma: 18 Health: 0(34) Energy: 11(11) Def: 4 Gold: 1394 Moves: 2773 Dungeon seed: laTaOJfOTUXoMTef Game ID: Zazza_1574536491 Your Inventory: Coins $ - 1394 gold pieces Amulets X - a cursed amulet of strangulation (being worn) Weapons a - 31 +2 darts (in quiver) s - a +0 orcish dagger E - a +0 long sword (weapon in hand) O - 6 cursed +0 shuriken P - a +0 dart Armor e - an uncursed +0 Hawaiian shirt (being worn) y - an uncursed +0 orcish helm (being worn) z - an uncursed +0 studded leather armor (being worn) Comestibles b - an uncursed pear c - an uncursed egg d - 4 uncursed food rations U - an uncursed apple W - an uncursed tripe ration Scrolls f - an uncursed scroll of food detection k - a blessed scroll of magic mapping l - an uncursed scroll of magic mapping p - an uncursed scroll of remove curse Potions V - an uncursed potion of sickness Tools m - an expensive camera (0:67) n - an uncursed credit card r - a magic marker (0:30) Gems q - an uncursed worthless piece of orange glass Spells and supernatural/magical abilities: Name Level Category Fail Memory W - pray for help -- divine ? -- Your skills at the end: Fighting Skills Weapon Skills long sword [Basic] dart [Basic] Spellcasting Skills Final Attributes: You were devoutly aligned. You were poison resistant. You were being strangled. You were a werejackal. You are dead. Vanquished creatures: a small mimic a gnome lord a kobold lord 2 dwarf zombies an iguana a coyote a gas spore 2 brown molds 9 jackals a fox a goblin 11 grid bugs 3 lichens 7 newts 42 creatures vanquished. Voluntary challenges: You had been an atheist until turn 2768. You used a wielded weapon 39 times, starting on turn 1090. You read items or engraved 5 times, starting on turn 101. You never genocided any monsters. You never polymorphed an object. You never changed form. You used no wishes. You never split a pudding. You wrote Elbereth's name 1 time, starting on turn 2772. You never violated your personal moral code. Dungeon overview: The Dungeons of Doom: levels 1 to 4 Level 1 a fountain a long staircase Level 2 a weapon shop, some fountains stairs to The Gnomish Mines Level 3 Level 4 <- You were here The Gnomish Mines: Level 3 stairs to The Dungeons of Doom History has recorded: On T:1 you entered the Dungeons of Doom to retrieve the Amulet of Yendor! On T:694 you reached level 2 of The Dungeons of Doom. On T:1339 you advanced to experience level 2. On T:1346 you advanced to experience level 3. On T:1795 you reached level 1 of The Gnomish Mines. On T:1879 you reached level 3 of The Dungeons of Doom. On T:2324 you reached level 4 of The Dungeons of Doom. On T:2379 you advanced to experience level 4. Score breakdown: Gold: 691 ( 9661 points) Experience: 4 levels ( 9649 points) Exploration: 4 levels ( 8.16%) ( 7500 points) Discoveries: 2 items ( 0.67%) ( 2457 points) Valuables value: (no points given unless you survive) Artifact value: 0 ( 0 points) Variety of kills: 14 monsters ( 3.67%) ( 5750 points) Turncount: 2773 turns ( -483 points) Survival: died (score multiplied by 80%) Total score: 27627 Latest messages: You feel feverish. You begin praying to The Lady. You are surrounded by a shimmering light. The werejackal starts to attack you, but pulls back. You feel that The Lady is well-pleased. You feel purified. You miss the werejackal. The werejackal bites! You feel feverish. You write in the dust with your fingers. The werejackal bites! Something is written here in the dust. You read: "Elbereth". You see no objects here. You are now wearing an octagonal amulet. Oops! That feels deathly cold. It constricts your throat! The werejackal bites! You die... Final status: Aloha Zazza the Tourist, killed by a werejackal... You died in The Dungeons of Doom on dungeon level 4 with 27627 points, and 1394 pieces of gold, after 2773 moves. You were level 4 with a maximum of 34 hit points when you died.